 Dungeon Crawl Stone Soup version 0.31-a0-165-g3f4f80340b (webtiles) character file.

Game seed: 9983904077968504728

611 qw the Skirmisher (level 7, -8/43 HPs)
             Began as a Gargoyle Hunter on June 13, 2023.
             Was an Initiate of Okawaru.
             Mangled by Duvessa
             ... wielding a +2 short sword of electrocution
              (11 damage)
             ... on level 4 of the Dungeon.
             The game lasted 00:01:39 (3367 turns).

qw the Skirmisher (Gargoyle Hunter)                 Turns: 3367, Time: 00:01:40

Health: -8/43      AC: 13    Str: 13    XL:     7   Next: 43%
Magic:  7/7        EV: 15    Int: 14    God:    Okawaru [......]
Gold:   94         SH:  0    Dex: 14    Spells: 6/6 levels left

rFire   . . .        Y - +0 shortbow
rCold   . . .        (shield currently unavailable)
rNeg    + . .        m - +0 ring mail
rPois   inf          (no helmet)
rElec   +            f - +2 cloak
rCorr   .            (no gloves)
SInv    .            (no boots)
Will    .....        (no amulet)
Stlth   +            d - +5 ring of evasion
HPRegen 0.27/turn    (no ring)
MPRegen 0.10/turn

%: no passive effects
@: flying
A: sickness immunity, AC +4, negative energy resistance 1, electricity
resistance, torment resistance 1, petrification resistance, big wings, clever 1
a: Renounce Religion


You were on level 4 of the Dungeon.
You worshipped Okawaru.
Okawaru was noncommittal.
You visited 2 branches of the dungeon, and saw 6 of its levels.

You collected 184 gold pieces.
You spent 90 gold pieces at shops.


Innate Abilities, Weirdness & Mutations

You are immune to sickness and miasma.
Your stone body is resilient. (AC +4)
You are immune to poison.
You resist negative energy. (rN+)
You are resistant to electric shocks. (rElec)
You are resistant to unholy torment.
You are immune to petrification.
Your large and strong wings let you fly.
Your mind is acute. (Int +4, Str/Dex -1)


   Skills:
 + Level 4.1 Fighting
 - Level 8.0 Ranged Weapons
 - Level 1.1 Armour
 - Level 1.5 Dodging
 - Level 1.1 Stealth


You had 6 spell levels left.
You didn't know any spells.
Your spell library was empty.

Inventory:

Hand Weapons
 Y - a +0 shortbow (weapon)
Armour
 f - a +2 cloak (worn)
 m - a +0 ring mail (worn)
Jewellery
 d - a +5 ring of evasion (left hand)
Scrolls
 e - a scroll of identify
Potions
 a - a potion of lignification {unknown}
 h - a potion of curing
 i - a potion of magic {unknown}
 j - a potion of attraction
 k - a potion of berserk rage {unknown}

Dungeon Overview and Level Annotations

Branches:
Dungeon (5/15)             Temple (1/1) D:4

Altars:
Dithmenos
Fedhas
Gozag
Hepliaklqana
Makhleb
Nemelex Xobeh
Okawaru
Trog
Vehumet
Xom
Zin
The Shining One

Annotations:
D:4 Duvessa


Message History

Duvessa hits you with a +2 short sword of electrocution.
Dowan barely misses you.
3359 ||| STAIRDANCE Duvessa hits you but does no damage.
Dowan hits you but does no damage.
You fly upwards.
There is a stone staircase leading down here.
You shoot an arrow. The arrow hits Dowan.
Dowan is almost dead.
Duvessa hits you with a +2 short sword of electrocution.
Dowan gestures at Duvessa while chanting.
Duvessa seems to speed up.
You shoot an arrow.
The arrow hits Dowan but does no damage.
Dowan is almost dead.
Duvessa closely misses you. Dowan casts a spell at you.
The puff of flame hits you.
Duvessa hits you with a +2 short sword of electrocution.
You shoot an arrow. The arrow hits Dowan.
You kill Dowan!
Okawaru accepts your kill.
Duvessa screams in rage.
Duvessa goes berserk!
Duvessa misses you.
Duvessa hits you with a +2 short sword of electrocution!
Your Ranged Weapons skill increases to level 8!
You shoot an arrow. The arrow closely misses Duvessa.
Duvessa closely misses you.
You shoot an arrow. The arrow closely misses Duvessa.
Duvessa hits you with a +2 short sword of electrocution!
Duvessa misses you.
You shoot an arrow. The arrow hits Duvessa!
Duvessa is lightly wounded.
Duvessa hits you but does no damage.
Duvessa hits you with a +2 short sword of electrocution.
You shoot an arrow.
The arrow hits Duvessa but does no damage.
Duvessa is lightly wounded.
Duvessa hits you with a +2 short sword of electrocution!
You die...

##.## #........
#..###### ##.......
##.......# #.......
##........## #.......
#..........# ##......
##..........####......
#..................#..
##...%e.........#####.
#....@.........## ###.
#.#..).........####...
###...........##......
##.........##.......
#######..###.......
#...##........
##..###........ ##..##
##....... #######...#
#.......


You could see Duvessa (berserk, fast).

Vanquished Creatures
  Sigmund (D:3)
  An ogre (D:4)
  2 phantoms (D:4)
  Dowan (D:4)
  Terence (D:3)
  3 adders
  An ufetubus (D:3)
  3 worms
  2 dart slugs
  6 orcs
  10 endoplasms
  6 giant cockroaches
  9 hobgoblins
  6 quokkas
  9 ball pythons
  9 bats
  3 frilled lizards
  7 goblins
  8 kobolds
  7 rats
95 creatures vanquished.

Vanquished Creatures (others)
  An endoplasm (D:3)
1 creature vanquished.

Grand Total: 96 creatures vanquished

Notes
Turn   | Place    | Note
-------+----------+-------------------------------------------
     0 | D:1      | qw the Gargoyle Hunter began the quest for the Orb.
     0 | D:1      | Reached XP level 1. HP: 12/12 MP: 1/1
     0 | D:1      | 0 ||| qw: Version: 0.2-a-29-gc1b59c4
     0 | D:1      | 0 ||| qw: Game counter: 4812
     0 | D:1      | 0 ||| qw: Always use a shield: true
     0 | D:1      | 0 ||| qw: God list: Okawaru
     0 | D:1      | 0 ||| qw: Allow faded altars: false
     0 | D:1      | 0 ||| qw: Do Orc after D:15 true
     0 | D:1      | 0 ||| qw: Do second Lair branch before Depths: true
     0 | D:1      | 0 ||| qw: Lair rune preference: random
     0 | D:1      | 0 ||| qw: Plans: Normal, Zot:1-4, Slime:5, God:TSO, Crypt,
                  | Tomb, Abyss, Pan, Hells, Win
     0 | D:1      | 0 ||| PLANNING D:1-11
   174 | D:1      | Reached XP level 2. HP: 17/17 MP: 2/2
   191 | D:1      | HP: 2/17 [quokka (4)]
   256 | D:1      | Found a faded altar of an unknown god.
   384 | D:1      | Reached XP level 3. HP: 21/21 MP: 3/3
   416 | D:1      | Reached skill level 5 in Ranged Weapons
   664 | D:1      | 664 ||| UPGRADING to +5 ring of evasion.
   665 | D:1      | 665 ||| READING scroll labelled OBRER LOG KUI.
   666 | D:1      | 666 ||| READING scroll labelled KEOQESK HAIGU.
   667 | D:1      | 667 ||| READING scroll labelled CEYJOA YDOILI.
   668 | D:1      | 668 ||| DROPPING scroll of butterflies.
  1057 | D:2      | Reached skill level 3 in Fighting
  1079 | D:2      | Found a glowing silver altar of Zin.
  1380 | D:2      | 1380 ||| UPGRADING to +0 cloak.
  1385 | D:2      | 1385 ||| DROPPING ring of magical power.
  1386 | D:2      | 1386 ||| READING 2 scrolls labelled CAUV KYM TOSI.
  1387 | D:2      | 1387 ||| READING scroll labelled SAIFAM LYELAIG.
  1443 | D:3      | Reached XP level 4. HP: 28/28 MP: 4/4
  1458 | D:3      | Found a shimmering altar of Xom.
  1532 | D:3      | Found a blossoming altar of Fedhas.
  1698 | D:3      | 1698 ||| READING scroll labelled GUTU VIZ VUZE.
  1702 | D:3      | 1702 ||| FLEEEEING.
  1724 | D:3      | Found Zin's Purification Station.
  1727 | D:3      | Found a glowing silver altar of Zin.
  1736 | D:3      | 1736 ||| BUYING potion of curing (90 gold).
  1736 | D:3      | Bought a potion of curing for 90 gold pieces
  1828 | D:3      | Noticed Sigmund
  1836 | D:3      | Killed Sigmund
  1837 | D:3      | Reached skill level 6 in Ranged Weapons
  1837 | D:3      | Reached XP level 5. HP: 32/32 MP: 5/5
  1837 | D:3      | Reached XP level 6. HP: 37/37 MP: 6/6
  1893 | D:3      | Noticed Terence
  1924 | D:3      | Killed Terence
  1925 | D:3      | Reached skill level 1 in Armour
  2230 | D:3      | 2230 ||| READING scroll labelled TEFRUDW LEECS.
  2231 | D:3      | 2231 ||| DRINKING 2 inky potions.
  2231 | D:3      | Gained mutation: You passively map a small area around you.
                  | [potion of mutation]
  2231 | D:3      | Gained mutation: You are vulnerable to heat. (rF-) [potion
                  | of mutation]
  2231 | D:3      | Gained mutation: You are somewhat resistant to further
                  | mutation. [potion of mutation]
  2232 | D:3      | 2232 ||| DRINKING potion of mutation.
  2232 | D:3      | Lost mutation: You passively map a small area around you.
                  | [potion of mutation]
  2232 | D:3      | Lost mutation: You are somewhat resistant to further
                  | mutation. [potion of mutation]
  2232 | D:3      | Lost mutation: You are vulnerable to heat. (rF-) [potion of
                  | mutation]
  2232 | D:3      | Gained mutation: Your large and strong wings let you fly.
                  | [potion of mutation]
  2232 | D:3      | Gained mutation: Your mind is acute. (Int +4, Str/Dex -1)
                  | [potion of mutation]
  2233 | D:3      | 2233 ||| DRINKING 2 purple potions.
  2268 | D:4      | 2268 ||| STAIRDANCE
  2326 | D:4      | HP: 8/38 [phantom (4)]
  2327 | D:4      | 2327 ||| DRINKING potion of heal wounds.
  2336 | D:4      | Reached skill level 7 in Ranged Weapons
  2336 | D:4      | Reached XP level 7. HP: 25/43 MP: 7/7
  2428 | D:4      | Found a staircase to the Ecumenical Temple.
  2429 | D:4      | 2429 ||| PLANNING TEMPLE
  2443 | Temple   | Entered the Ecumenical Temple
  2444 | Temple   | 2444 ||| PLANNING OKAWARU WORSHIP
  2448 | Temple   | Became a worshipper of Warmaster Okawaru
  2448 | Temple   | 2448 ||| PLANNING D:1-11
  3142 | D:4      | Found a sparkling altar of Nemelex Xobeh.
  3231 | D:4      | 3231 ||| UPGRADING to +2 cloak.
  3241 | D:4      | 3241 ||| DROPPING +0 cloak.
  3242 | D:4      | 3242 ||| UPGRADING to +0 ring mail.
  3252 | D:4      | 3252 ||| DROPPING +0 leather armour.
  3253 | D:4      | 3253 ||| READING scroll labelled KEODDUJAOG.
  3254 | D:4      | 3254 ||| READING scroll labelled JOLUZX CYFI.
  3284 | D:5      | Entered Level 5 of the Dungeon
  3284 | D:5      | Noticed Duvessa
  3284 | D:5      | Noticed Dowan
  3290 | D:5      | 3290 ||| STAIRDANCE
  3314 | D:5      | 3314 ||| STAIRDANCE
  3359 | D:5      | 3359 ||| STAIRDANCE
  3363 | D:4      | Killed Dowan
  3364 | D:4      | Reached skill level 8 in Ranged Weapons
  3365 | D:4      | HP: 7/43 [Duvessa/+2 short sword of electrocution (9)]
  3366 | D:4      | HP: 2/43 [Duvessa/+2 short sword of electrocution (5)]
  3367 | D:4      | Mangled by Duvessa

Levels and vault maps discovered:
D:1:      co_arrival_random_square_maze, layout_basic,
          hellmonk_ecumenical_altar_zigzags, minmay_domino_2
D:2:      layout_basic, basic_altar, st_stairs_2
D:3:      layout_loops_cross, xom_confusion_cloud, zin_purify,
          mainiacjoe_overflow_small_starburst, kennysheep_generic_room_13,
          uniq_terence, uniq_sigmund
D:4:      layout_cave_pods, nemelex_diamond_rough_becter,
          minmay_temple_entry_large_hall
D:5:      layout_layer_cave, nicolae_ru_awakened_eye,
          mainiacjoe_overflow_brackets, mainiacjoe_overflow_paths,
          grunt_decor_junction, uniq_ijyb, uniq_duvessa
Temple:   hellmonk_temple_micro_hex

Skill      XL: |  1  2  3  4  5  6  7 |
---------------+----------------------+-----
Ranged Weapons | 5 6 7 8 |  8.0
Fighting       | 3 4 |  4.1
Armour         | 1 |  1.1
Dodging        | |  1.5
Stealth        | |  1.1

Action                     |  1- 3 |  4- 6 |  7- 9 || total
---------------------------+-------+-------+-------++-------
   Fire: Shortbow          |   128 |   148 |   100 ||   376
    Use: Scroll            |     5 |     2 |     2 ||     9
         Potion            |       |     4 |       ||     4
 Armour: Leather armour    |     5 |    42 |     7 ||    54
         Ring mail         |       |       |    19 ||    19
  Dodge: Dodged            |    24 |   107 |    38 ||   169

Table legend:
 A = Non-vault XP
 B = Vault XP
 C = Vault XP percentage of total XP
 D = Non-vault monster count
 E = Vault monster count
 F = Vault count percentage of total count
                 A         B        C        D         E       F
            +---------+---------+-------+---------+---------+-------
      Total |     525 |     348 |  39.9 |      78 |      17 |  17.9
            +---------+---------+-------+---------+---------+-------
        D:1 |      48 |       2 |   4.0 |      28 |       2 |   6.7
        D:2 |      24 |       3 |  11.1 |      12 |       2 |  14.3
        D:3 |      46 |     274 |  85.6 |      13 |      12 |  48.0
        D:4 |     407 |      69 |  14.5 |      25 |       1 |   3.8
            +---------+---------+-------+---------+---------+-------
